 Dungeon Crawl Stone Soup version 0.32-a0-918-g0f22ef8d61 (webtiles) character file.

Game seed: 3124912712606649068

4 RBrandon the Chopper (level 1, 3/18 HPs)
             Began as a Coglin Berserker on Apr 10, 2024.
             Was a Follower of Trog.
             Quit the game on level 1 of the Dungeon.
             The game lasted 00:00:11 (22 turns).

RBrandon the Chopper (Coglin Berserker)               Turns: 22, Time: 00:00:12

Health: 3/18       AC:  2    Str: 17    XL:     1   Next: 60%
Magic:  1/1        EV: 11    Int:  6    God:    Trog [*.....]
Gold:   0          SH:  0    Dex: 13    Spells: 0/0 levels left

rFire   . . .        a - +0 hand axe {Elena}
rCold   . . .        c - +0 dagger {Pete}
rNeg    . . .        b - +0 animal skin
rPois   .            (no helmet)
rElec   .            (no cloak)
rCorr   .            (no gloves)
SInv    .            (no boots)
Will    .....        (amulet unavailable)
Stlth   +            (ring unavailable)
HPRegen 0.23/turn    (ring unavailable)
MPRegen 0.07/turn    (no gizmo)

%: no passive effects
@: lethally poisoned (3 -> 0), revved
A: off-hand wielding, slow wielding, warmup strikes, no jewellery
a: Invent Gizmo, Renounce Religion, Berserk


You were on level 1 of the Dungeon.
You worshipped Trog.
Trog was aware of your devotion.
You visited 1 branch of the dungeon, and saw 1 of its levels.

Inventory:

Hand Weapons
 a - a +0 hand axe (weapon) {Elena}
 c - a +0 dagger (offhand) {Pete}
Armour
 b - a +0 animal skin (worn)


   Skills:
 + Level 3.0 Fighting
 + Level 3.0 Axes
 + Level 1.8 Armour
 + Level 1.8 Dodging


You couldn't memorise any spells.
You didn't know any spells.
Your spell library was empty.

Dungeon Overview and Level Annotations

Branches:
Dungeon (1/15)

Altars:


Innate Abilities, Weirdness & Mutations

You can wield a second weapon in your off-hand.
It takes a long time for you to wield or remove held weapons.
Your first few attacks do less damage.
You cannot equip rings or amulets.


Message History

You closely miss the ball python with your +0 dagger.
The ball python bites you. The ball python constricts you.
The kobold hits you but does no damage.
You are poisoned.
You hit the ball python with your +0 dagger.
The ball python is severely wounded.
You slash the ball python with your +0 hand axe!
You kill the ball python!
Trog accepts your kill.
You hit the kobold but do no damage.
You feel very sick.
A kobold comes into view. It is wielding a +0 dagger.
The kobold misses you.
You hit the kobold with your +0 dagger.
The kobold is heavily wounded.
You hit the kobold with your +0 hand axe.
* * * LOW HITPOINT WARNING * * *
You feel very sick. The kobold misses you.
You slash the kobold with your +0 hand axe!
You kill the kobold!
Trog accepts your kill.
You barely miss the ball python with your +0 hand axe.
You feel sick. The ball python misses you. The ball python grabs you.
The ball python constricts you.
You hit the ball python with your +0 hand axe.
The ball python is severely wounded.
You barely miss the ball python with your +0 dagger.
* * * LOW HITPOINT WARNING * * *
You feel sick. The ball python bites you.
* * * LOW HITPOINT WARNING * * *
The ball python constricts you.
You hit the ball python with your +0 dagger.
You kill the ball python!
Trog accepts your kill.
* * * LOW HITPOINT WARNING * * *
You feel sick.
You aren't carrying any potions.
You aren't carrying any scrolls.
Are you sure you want to abandon this character and quit the game? (Confirm with "yes".)

###########
..........#
..........#
......)...#
......†@..#
....K.##.##
.....##..#
....##...#
..[##....#
.. #..#..#
. ##....+
##...#
##..#


You could see a kobold.

Vanquished Creatures
  2 ball pythons (D:1)
  A kobold (D:1)
3 creatures vanquished.

Notes
Turn   | Place    | Note
-------+----------+-------------------------------------------
     0 | D:1      | RBrandon the Coglin Berserker began the quest for the Orb.
     0 | D:1      | Reached XP level 1. HP: 18/18 MP: 1/1
    22 | D:1      | Quit the game

Illustrated notes

Levels and vault maps discovered:
D:1:      amcnicky_arrival_feature_with_door, layout_rooms,
          dreamdust_ecumenical_altar_angels_and_demons, minmay_pentomino_x4

Action                     || total
---------------------------++-------
  Melee: Dagger            ||     5
         Hand axe          ||     5
 Armour: Animal skin       ||     9
  Dodge: Dodged            ||     4

Table legend: (Time is in decaauts)
 A = Elapsed time spent in this place.
 B = Non-inter-level travel time spent in this place.
 C = Inter-level travel time spent in this place.
 D = Time resting spent in this place.
 E = Time spent auto-exploring this place.
 F = Levels seen in this place.
 G = Mean time per level.
                   A        B        C        D        E       F      G
               +--------+--------+--------+--------+--------+-----+--------+
         Total |     22 |     22 |      0 |      0 |     14 |   1 |   22.0 |
       Dungeon |     22 |     22 |      0 |      0 |     14 |   1 |   22.0 |
               +--------+--------+--------+--------+--------+-----+--------+

Top non-repeatable levels by time:
     D:1: 22 daAuts

Levels and vault maps discovered:
D:1:      amcnicky_arrival_feature_with_door, layout_rooms,
          dreamdust_ecumenical_altar_angels_and_demons, minmay_pentomino_x4

Table legend: (Time is in decaauts)
 A = Elapsed time spent in this place.
 B = Non-inter-level travel time spent in this place.
 C = Inter-level travel time spent in this place.
 D = Time resting spent in this place.
 E = Time spent auto-exploring this place.
 F = Levels seen in this place.
 G = Mean time per level.
                   A        B        C        D        E       F      G
               +--------+--------+--------+--------+--------+-----+--------+
         Total |     22 |     22 |      0 |      0 |     14 |   1 |   22.0 |
       Dungeon |     22 |     22 |      0 |      0 |     14 |   1 |   22.0 |
               +--------+--------+--------+--------+--------+-----+--------+

Top non-repeatable levels by time:
     D:1: 22 daAuts

Table legend:
 A = Kills in this place as a percentage of kills in the entire game.
 B = Kills by you in this place as a percentage of kills by you in the entire game.
 C = Kills by friends in this place as a percentage of kills by friends in the entire game.
 D = Other kills in this place as a percentage of other kills in the entire game.
 E = Experience gained in this place as a percentage of experience gained in the entire game.
 F = Experience gained in this place divided by the number of levels of this place that you have seen.
                   A       B       C       D       E      F
               +-------+-------+-------+-------+-------+----------------------
         Total | 100.0 | 100.0 |   N/A |   N/A | 100.0 |   6.0
       Dungeon | 100.0 | 100.0 |   N/A |   N/A | 100.0 |   6.0
               +-------+-------+-------+-------+-------+----------------------
